 Dungeon Crawl Stone Soup version 0.17.0-56-gd8de76c (console) character file.

127 Kloppie the Gusty (level 4, -1/29 HPs)
             Began as a High Elf Air Elementalist on Dec 5, 2015.
             Slain by an orc (2 damage)
             ... on level 3 of the Dungeon.
             The game lasted 00:06:39 (3052 turns).

Kloppie the Gusty (High Elf Air Elementalist)       Turns: 3052, Time: 00:06:39

Health: -1/29      AC:  5    Str:  7    XL:     4   Next: 85%
Magic:  4/8        EV: 14    Int: 20    God:
Gold:   166        SH:  0    Dex: 15    Spells: 2 memorised, 4 levels left

rFire  . . .     SeeInvis .     C - +0 halberd
rCold  . . .     Clarity  .     a - +0 robe
rNeg   . . .     SustAt   .     (shield currently unavailable)
rPois  .         Gourm    .     (no helmet)
rElec  .         Spirit   .     (no cloak)
rCorr  .         Warding  .     (no gloves)
rMut   .         Stasis   .     m - +2 pair of boots
MR     .....                    (no amulet)
Stlth  +.........               (no ring)
                                (no ring)

@: confused, not resistant to hostile enchantments, very unstealthy
A: no striking features
a: no special abilities


You were on level 3 of the Dungeon.
You were not hungry.

You visited 1 branch of the dungeon, and saw 3 of its levels.

You collected 166 gold pieces.

Inventory:

Hand Weapons
 e - a +0 club
 h - a +0 spear
 C - a +0 halberd (weapon)
Armour
 a - a +0 robe (worn)
 m - a +2 pair of boots (worn)
Jewellery
 s - a +1 ring of protection {unknown}
 B - a +3 ring of intelligence {unknown}
Scrolls
 d - 2 scrolls of enchant weapon {unknown}
 f - 3 scrolls of identify {unknown}
 j - 4 scrolls of teleportation {unknown}
 k - 2 scrolls of remove curse {unknown}
 q - a scroll of noise {unknown}
 v - a scroll of random uselessness {unknown}
 y - a scroll of recharging {unknown}
Potions
 g - a potion of curing {unknown}
 i - a potion of flight {unknown}
 o - a potion of poison {unknown}
 p - a potion of resistance {unknown}
 u - a potion of agility {unknown}
 x - a potion of mutation {unknown}
 z - a potion of cure mutation {unknown}
Books
 b - a book of Air

   Spells                             Type                      Level
   a - Shock                          Conjuration/Air              1
   b - Swiftness                      Charms/Air                   2
   c - Repel Missiles                 Charms/Air                   2
   d - Static Discharge               Conjuration/Air              3
   e - Lightning Bolt                 Conjuration/Air              5
 n - a book of Power

   Spells                             Type                      Level
   a - Fulminant Prism                Conjuration/Hexes            4
   b - Iskenderun's Mystic Blast      Conjuration                  4
   c - Venom Bolt                     Conjuration/Poison           5
   d - Bolt of Magma                  Conjuration/Fire/Earth       5
   e - Iron Shot                      Conjuration/Earth            6
   f - Orb of Destruction             Conjuration                  7
   g - Spellforged Servitor           Conjuration/Summoning        7
Comestibles
 c - 5 bread rations
 l - 2 meat rations
 r - a beef jerky
 t - a royal jelly
 w - a chunk of flesh
 A - 2 fruits


   Skills:
 + Level 1.7 Fighting
 + Level 3.7 Dodging
 - Level 2.1 Stealth
 - Level 2.4 Spellcasting
 - Level 2.3 Conjurations
 + Level 4.7 Air Magic


You had 4 spell levels left.
You knew the following spells:

 Your Spells              Type           Power        Failure   Level  Hunger
a - Shock                 Conj/Air       ###.         3%          1    #......
b - Swiftness             Chrm/Air       ##......     12%         2    ##.....


Dungeon Overview and Level Annotations

Branches:
Dungeon (3/15)

Altars:
Okawaru
Qazlal
Xom
The Shining One


Message History

The magic dart hits you!
* * * LOW HITPOINT WARNING * * *
You closely miss the orc wizard.
The orc wizard is moderately wounded.
The orc hits you but does no damage.
The orc wizard hits you but does no damage.
The orc closely misses you.
You barely miss the orc wizard.
The orc wizard is moderately wounded.
The orc wizard hits you but does no damage.
The orc closely misses you.
The orc wizard points at you and mumbles some strange words.
You are confused.
You're too confused to move!
The orc hits you.
* * * LOW HITPOINT WARNING * * *
The orc wizard casts a spell at you. The puff of flame hits you!
* * * LOW HITPOINT WARNING * * *
You bump into the rock wall.
The orc hits you.
You die...

#####.##.####.###...#############
#####>....[....###.##
............o..# #.#
.....###.###...# #.#
.###.###.###...###.#
.##...##.##........# ###
....#.....#....###.##### #..
..#............###.....##### #.#
.......###.....o@..##...##.## #.#
..##..##_##....o......(..<..# #.#
.....##...##..#######...##.####.#
.....#8...8#..# ##.#.##......#
.....##...##..# #.###)....####
.....###.##...# ##.#.####.#
.....#.#.##...# ##.## #รท#
...#......#.#.# ### #.####
#.####.#.##.#.# #.....


You could see an orc wizard and an orc.

Vanquished Creatures
  An orc priest (D:3)
  A worker ant (D:3)
  3 oozes
  5 orcs (D:3)
  4 bats
  A giant cockroach (D:2)
  11 goblins
  8 hobgoblins
  A quokka (D:3)
  3 giant geckos
  4 giant newts
  5 jackals (D:3)
  7 kobolds
  7 rats
61 creatures vanquished.

Notes
Turn   | Place    | Note
--------------------------------------------------------------
     0 | D:1      | Kloppie the High Elf Air Elementalist began the quest for the Orb.
     0 | D:1      | Reached XP level 1. HP: 11/11 MP: 4/4
   143 | D:1      | Reached XP level 2. HP: 17/17 MP: 1/6
   856 | D:1      | Learned a level 2 spell: Swiftness
   860 | D:1      | Reached skill level 4 in Air Magic
  1049 | D:1      | Reached XP level 3. HP: 21/21 MP: 5/7
  1805 | D:2      | Found a glowing golden altar of the Shining One.
  2142 | D:3      | Reached skill level 1 in Fighting
  2351 | D:3      | Found a stormy altar of Qazlal.
  2432 | D:3      | Reached XP level 4. HP: 28/28 MP: 6/8
  2536 | D:3      | Found a shimmering altar of Xom.
  2536 | D:3      | Found an iron altar of Okawaru.
  3051 | D:3      | HP: 1/29 [orc wizard/puff of flame (10)]
  3052 | D:3      | Slain by an orc

Action                   |  1- 3 |  4- 6 || total
-------------------------+-------+-------++-------
Melee: Spear             |    75 |    11 ||    86
       Halberd           |       |     9 ||     9
 Cast: Shock             |    69 |    18 ||    87
 Stab: Sleeping          |     3 |     3 ||     6
       Distracted        |     2 |       ||     2
  Eat: Chunk             |     5 |     2 ||     7
